[Event "POL-chT 2nd League Juniors 2020"]
[Site "Sypniewo"]
[Date "2020.10.23"]
[Round "1.16"]
[White "Glaz, Michal"]
[Black "Rozek, Michal"]
[Result "0-1"]
[ECO "C44"]
[WhiteElo "1180"]
[BlackElo "1442"]
[Annotator "NA"]
[PlyCount "124"]
[EventDate "2020.10.23"]
[EventType "team-tourn"]
[EventCountry "POL"]
[SourceTitle "playchess.com"]
[Source "ChessBase"]
[SourceQuality "1"]
[TimeControl "5400+30"]

1. e4 e5 2. Nf3 Nc6 3. d4 exd4 4. Nxd4 Nf6 5. Nc3 Bc5 6. Nb3 Bb6 7. Qe2 O-O 8. Be3 Re8 9. f3 Qe7 10. O-O-O Bxe3+ 11. Qxe3 a5 12. g4 a4 13. Nd2 a3 14. b3 Nb4 15. g5 Qe5 16. Nc4 Qxc3 17. Qxc3 Nxa2+ 18. Kd2 Nxc3 19. Kxc3 Nh5 20. Ra1 Nf4 21. Rxa3 Rxa3 22. Nxa3 d5 23. Bd3 Nxd3 24. cxd3 c6 25. Nc2 dxe4 26. dxe4 Rd8 27. Ne3 Kf8 28. Rd1 Rxd1 29. Nxd1 Ke7 30. Kd4 b6 31. b4 Kd6 32. e5+ Ke6 33. Ne3 c5+ 34. bxc5 bxc5+ 35. Ke4 Bb7+ 36. Kf4 Bd5 37. h4 Bb3 38. h5 c4 39. Ke4 c3 40. f4 c2 41. f5+ Ke7 42. f6+ gxf6 43. exf6+ Ke6 44. Nxc2 Bxc2+ 45. Kf4 Kd5 46. g6 hxg6 47. h6 g5+ 48. Kxg5 Bh7 49. Kf4 Ke6 50. Kg5 Ke5 51. Kg4 Kxf6 52. Kf4 Kg6 53. Ke5 f5 54. Kf4 Kxh6 55. Kf3 Kg5 56. Kg3 f4+ 57. Kf3 Bf5 58. Kf2 Kg4 59. Kg2 f3+ 60. Kf2 Kf4 61. Kf1 Bd3+ 62. Kf2 Ke4 0-1

[Event "POL-chT 2nd League Juniors 2020"]
[Site "Sypniewo"]
[Date "2020.10.23"]
[Round "1.17"]
[White "Hertlein, Irena"]
[Black "Zablocka, Katarzyna"]
[Result "1-0"]
[ECO "D00"]
[WhiteElo "1893"]
[BlackElo "1286"]
[Annotator "NA"]
[PlyCount "72"]
[EventDate "2020.10.23"]
[EventType "team-tourn"]
[EventCountry "POL"]
[SourceTitle "playchess.com"]
[Source "ChessBase"]
[SourceQuality "1"]
[TimeControl "5400+30"]

1. d4 d5 2. Bf4 Nf6 3. e3 e6 4. Nf3 c5 5. c3 Nc6 6. Nbd2 Bd6 7. Bg3 Qe7 8. Ne5 Nd7 9. f4 O-O 10. Bd3 f5 {[%emt 0:06:12] D02: 1 d4 d5 2 Nf3 sidelines, including 2...Nf6 3 g3 and 2...Nf6 3 Bf4.} 11. Qe2 Nf6 12. Bh4 Qc7 {[%emt 0:03:19] [#]} 13. Bxf6 $146 ({Predecessor:} 13. O-O Bd7 14. Bxf6 gxf6 15. Nxd7 Qxd7 16. Rf3 Kh8 17. Rh3 Rg8 18. Qh5 {½-½ (108) Diaz,C-Vazquez Massaro,M ICC INT 2009}) 13... Rxf6 14. g4 Be7 15. gxf5 exf5 16. Ndf3 c4 17. Bc2 b5 18. a3 a5 19. Rg1 Bf8 20. Ng5 h6 21. Ngf3 Ne7 22. h4 Raa6 23. h5 Bd7 24. Nh4 Be8 25. Kd2 Kh8 26. Qf3 Qb7 27. Qh3 Qc8 28. Nhg6+ Bxg6 29. Nxg6+ Nxg6 30. Rxg6 Qd7 {[%emt 0:01:09] [#]} 31. Bxf5 $1 Qe7 32. Bc2 Rxg6 33. Bxg6 Qd8 34. Bc2 Qe8 35. Qf5 g6 36. hxg6 $18 Qe6 1-0

[Event "POL-chT 2nd League Juniors 2020"]
[Site "Sypniewo"]
[Date "2020.10.23"]
[Round "1.18"]
[White "Gaczol, Julia"]
[Black "Lajdamik, Anna"]
[Result "0-1"]
[ECO "B12"]
[WhiteElo "1360"]
[BlackElo "1292"]
[Annotator "NA"]
[PlyCount "103"]
[EventDate "2020.10.23"]
[EventType "team-tourn"]
[EventCountry "POL"]
[SourceTitle "playchess.com"]
[Source "ChessBase"]
[SourceQuality "1"]
[TimeControl "5400+30"]

1. e4 c6 2. d4 d5 3. e5 c5 4. dxc5 e6 5. Be3 Nd7 6. Bb5 Ne7 7. c3 Nc6 8. Nf3 Bxc5 9. Bxc5 Nxc5 10. Nd4 Qb6 11. Nd2 O-O 12. Bxc6 bxc6 13. N2b3 Nxb3 14. Qxb3 c5 15. Qxb6 axb6 16. Nb5 f6 17. exf6 Rxf6 18. f3 Ba6 19. Nc7 Ra7 20. Nxa6 Rxa6 21. a3 b5 22. Rd1 b4 23. axb4 cxb4 24. cxb4 Rf4 25. b5 Rb6 26. Kf2 Rxb5 27. Rd2 Rfb4 28. Rb1 Kf7 29. Ke2 e5 30. Kd3 Rd4+ 31. Ke2 Rdb4 32. Kd3 Ke6 33. Kc3 Rb3+ 34. Kc2 d4 35. Rd3 R3b4 36. b3 Kd5 37. Re1 Rc5+ 38. Kb2 Rb6 39. Rc1 Rxc1 40. Kxc1 e4 41. fxe4+ Kxe4 42. Kd2 Ra6 43. Ke2 Ra2+ 44. Rd2 d3+ 45. Ke1 Ra1+ 46. Rd1 Ra3 47. Rb1 Ra2 48. b4 Rxg2 49. Kf1 Rxh2 50. Kg1 Rc2 51. Kf1 d2 52. Ke2 0-1

[Event "POL-chT 2nd League Juniors 2020"]
[Site "Sypniewo"]
[Date "2020.10.23"]
[Round "1.19"]
[White "Chaczynski, Kamil"]
[Black "Krawczyk, Wojciech"]
[Result "1-0"]
[ECO "B18"]
[WhiteElo "1929"]
[BlackElo "2036"]
[Annotator "ChessBase"]
[PlyCount "65"]
[EventDate "2020.10.23"]
[EventType "team-tourn"]
[EventCountry "POL"]
[SourceTitle "playchess.com"]
[Source "ChessBase"]
[SourceQuality "1"]
[TimeControl "5400+30"]

1. e4 c6 2. d4 d5 3. Nc3 dxe4 4. Nxe4 Bf5 5. Ng3 Bg6 6. Nh3 e6 7. Nf4 Bd6 8. c3 Nf6 9. Bc4 Qc7 10. Qf3 Nd5 11. Nxg6 hxg6 12. Bg5 Nd7 13. Ne4 Be7 14. Bxe7 Nxe7 15. O-O-O Nd5 16. Kb1 N7f6 17. Bxd5 Nxd5 18. c4 Nb6 19. c5 Nc8 20. h4 Rh5 21. g4 Rh6 22. h5 Ke7 23. g5 Rxh5 24. Rxh5 gxh5 25. g6 f5 26. Ng5 Kf6 27. Nh7+ Ke7 28. Re1 Qd7 29. Ng5 Kf6 30. Qf4 Qd5 31. Nxe6 Kxg6 32. Qg5+ Kf7 33. Qxg7+ 1-0

[Event "POL-chT 2nd League Juniors 2020"]
[Site "Sypniewo"]
[Date "2020.10.23"]
[Round "1.20"]
[White "Wrona, Florian"]
[Black "Niemier, Hubert"]
[Result "0-1"]
[ECO "B15"]
[WhiteElo "1463"]
[BlackElo "1771"]
[Annotator "NA"]
[PlyCount "64"]
[EventDate "2020.10.23"]
[EventType "team-tourn"]
[EventCountry "POL"]
[SourceTitle "playchess.com"]
[Source "ChessBase"]
[SourceQuality "1"]
[TimeControl "5400+30"]

1. e4 c6 2. d4 d5 3. Nc3 dxe4 4. Nxe4 Nf6 5. Nxf6+ exf6 6. Nf3 Bd6 7. Bd3 O-O 8. O-O Nd7 9. c3 Re8 10. Qc2 Nf8 11. Nh4 Qc7 12. h3 g6 13. Bd2 Be6 14. Rfe1 Bf4 15. Qc1 Bd6 16. Qc2 Qd7 17. f4 f5 18. b3 c5 19. Nf3 Red8 20. Rad1 Rac8 21. Be3 Qc7 22. g3 Bd5 23. Ne5 cxd4 24. Bxd4 Ne6 25. Qf2 Nxd4 26. cxd4 a6 27. Rc1 Qxc1 28. Rxc1 Rxc1+ 29. Bf1 Bxe5 30. dxe5 Be4 31. h4 Rdd1 32. Qe2 Bd3 0-1

[Event "POL-chT 2nd League Juniors 2020"]
[Site "Sypniewo"]
[Date "2020.10.23"]
[Round "1.21"]
[White "Skrzypinski, Jan"]
[Black "Duda, Szymon"]
[Result "1/2-1/2"]
[ECO "C54"]
[WhiteElo "1418"]
[BlackElo "1529"]
[Annotator "NA"]
[PlyCount "114"]
[EventDate "2020.10.23"]
[EventType "team-tourn"]
[EventCountry "POL"]
[SourceTitle "playchess.com"]
[Source "ChessBase"]
[SourceQuality "1"]
[TimeControl "5400+30"]

1. e4 e5 2. Nf3 Nc6 3. Bc4 Bc5 4. c3 Nf6 5. d3 d6 6. h3 h6 7. O-O O-O 8. Re1 Re8 9. Nbd2 Bb6 10. Bb3 Be6 11. Nf1 Qd7 12. Ng3 Rad8 13. Be3 d5 14. Bxb6 axb6 15. Bc2 dxe4 16. dxe4 Qxd1 17. Rexd1 Rxd1+ 18. Rxd1 Ra8 19. a3 Kf8 20. Nf1 Ke7 21. Ne3 Rd8 22. Rxd8 Kxd8 23. b4 Nd7 24. Kf1 Ne7 25. Nh4 c6 26. Nhf5 Bxf5 27. Nxf5 Nxf5 28. exf5 Kc7 29. Bb3 f6 30. Ke2 Kd6 31. Ke3 Kc7 32. Bc2 Nb8 33. Be4 Na6 34. Kf3 Nb8 35. Kg4 Nd7 36. h4 b5 37. Kh5 Nf8 38. Bd3 Kd6 39. c4 e4 40. Be2 bxc4 41. Bxc4 Ke5 42. g4 Kf4 43. Be2 e3 44. fxe3+ Kxe3 45. Bc4 Kd4 46. Be6 Kc3 47. Bc8 b5 48. g5 hxg5 49. hxg5 fxg5 50. Kxg5 Kb3 51. f6 Nh7+ 52. Kg6 Nxf6 53. Bb7 Nd5 54. Kxg7 Nxb4 55. axb4 Kxb4 56. Bxc6 Kc5 57. Bxb5 Kxb5 1/2-1/2

[Event "POL-chT 2nd League Juniors 2020"]
[Site "Sypniewo"]
[Date "2020.10.23"]
[Round "1.22"]
[White "Lapczynski, Jacek"]
[Black "Kaczmarek, Jan"]
[Result "1/2-1/2"]
[ECO "E81"]
[WhiteElo "1212"]
[BlackElo "1229"]
[Annotator "NA RC"]
[PlyCount "101"]
[EventDate "2020.10.23"]
[EventType "team-tourn"]
[EventCountry "POL"]
[SourceTitle "playchess.com"]
[Source "ChessBase"]
[SourceQuality "1"]
[TimeControl "5400+30"]

1. d4 Nf6 2. c4 g6 3. f3 Bg7 4. e4 d6 5. Nc3 O-O 6. Bg5 c5 7. d5 Nbd7 8. Qd2 Qa5 9. Bd3 a6 10. Nge2 Rb8 11. a4 Ne5 12. O-O e6 13. f4 Nxd3 14. Qxd3 exd5 15. exd5 Bf5 16. Qd2 Qb4 17. Rfd1 Qxc4 18. a5 Ne4 19. Nxe4 Qxe4 20. Ng3 Qd4+ 21. Qxd4 Bxd4+ 22. Kh1 Bxb2 23. Ra2 Bd4 24. Be7 Rfe8 25. Bxd6 Rbd8 26. Nxf5 gxf5 27. Bc7 Rxd5 28. Rad2 Rd7 29. Be5 Rde7 30. Bxd4 cxd4 31. Kg1 Re1+ 32. Kf2 Rxd1 33. Rxd1 Rd8 34. Rb1 d3 35. Ke1 d2+ 36. Kd1 Rd5 37. Ra1 Kf8 38. Ra2 Ke7 39. g3 Kd6 40. Ra3 Kc6 41. Ra2 Rd7 42. Rb2 Kc5 43. Rb6 Kc4 44. Rf6 Kc3 45. Rxf5 Re7 46. Rc5+ Kd4 47. Rc2 Re1+ 48. Kxd2 Ra1 49. Rc7 Ra2+ 50. Kc1 Ra1+ 51. Kd2 1/2-1/2

[Event "POL-chT 2nd League Juniors 2020"]
[Site "Sypniewo"]
[Date "2020.10.23"]
[Round "1.23"]
[White "Niemier, Martyna"]
[Black "Czarnecka, Lidia"]
[Result "0-1"]
[ECO "D18"]
[WhiteElo "1235"]
[BlackElo "1861"]
[Annotator "NA"]
[PlyCount "116"]
[EventDate "2020.10.23"]
[EventType "team-tourn"]
[EventCountry "POL"]
[SourceTitle "playchess.com"]
[Source "ChessBase"]
[SourceQuality "1"]
[TimeControl "5400+30"]

1. d4 d5 2. c4 c6 3. Nc3 dxc4 4. a4 Nf6 5. Nf3 Bf5 6. e3 e6 7. Bxc4 Bb4 8. Bd2 O-O 9. O-O Nbd7 10. Na2 {[%emt 0:03:09] D18: Slav Defence: 5 a4 Bf5 6 e3.} Bd6 11. Bb4 {[%emt 0:03:37] [#]} Qc7 $146 ({Predecessor:} 11... Qe7 12. Qb3 a5 13. Bxd6 Qxd6 14. Bd3 Bxd3 15. Qxd3 Nd5 16. Ng5 f5 17. Qb3 h6 {½-½ (41) David,S (1715)-Zepke,A (2122) Bayerisch Eisenstein 2019}) 12. Bxd6 Qxd6 13. Nc3 Rac8 14. Bd3 Bg4 15. h3 Bh5 16. Rc1 Qb4 17. Rb1 Nb6 (17... Bxf3 $5 18. Qxf3 c5 $11) 18. Bc2 Rfd8 19. Na2 Qe7 20. Qe2 ({White should play} 20. a5 $15 Nbd5 21. g4) 20... c5 21. dxc5 Rxc5 22. b3 Bxf3 23. gxf3 Nfd5 ({Better is} 23... Rh5 $17 24. Kg2 g6) 24. f4 Qh4 25. Rbc1 Rdc8 26. Be4 Qxh3 27. Rxc5 Rxc5 28. Rc1 Rxc1+ 29. Nxc1 g6 30. Qf3 Qxf3 31. Bxf3 Kf8 32. Nd3 Nd7 33. Kf1 Ke7 34. Ke1 f6 35. Kd2 b6 36. e4 Nc7 37. e5 Nd5 38. Bg2 Nc5 39. Bxd5 exd5 40. Nxc5 bxc5 41. Kc3 a5 42. Kd3 Ke6 43. Ke3 fxe5 44. fxe5 Kxe5 45. f4+ Kf5 46. Kf3 d4 47. Ke2 Ke4 48. Kd2 h5 49. Ke2 h4 50. Kf2 Kxf4 51. Kg2 g5 52. Kh1 d3 53. Kg2 d2 54. Kh2 d1=Q 55. Kh3 g4+ 56. Kh2 Kf3 57. b4 Qe2+ 58. Kh1 Qg2# 0-1

[Event "POL-chT 2nd League Juniors 2020"]
[Site "Sypniewo"]
[Date "2020.10.23"]
[Round "1.24"]
[White "Slusarczyk, Anna"]
[Black "Lewicka, Joanna"]
[Result "0-1"]
[ECO "D63"]
[WhiteElo "1330"]
[BlackElo "1243"]
[Annotator "NA"]
[PlyCount "128"]
[EventDate "2020.10.23"]
[EventType "team-tourn"]
[EventCountry "POL"]
[SourceTitle "playchess.com"]
[Source "ChessBase"]
[SourceQuality "1"]
[TimeControl "5400+30"]

1. d4 d5 2. c4 e6 3. Nc3 Nf6 4. Bg5 Be7 5. Nf3 Nbd7 6. Rc1 O-O 7. e3 c5 8. cxd5 exd5 9. Bd3 c4 10. Bb1 a6 11. O-O b5 12. Ne5 Nxe5 13. dxe5 Ng4 14. Bf4 f6 15. Qxd5+ Qxd5 16. Nxd5 Bc5 17. exf6 Nxf6 18. Nxf6+ Rxf6 19. Be4 Ra7 20. Bg5 Rd6 21. Be7 Rxe7 22. Bf3 Bb7 23. b3 Bxf3 24. gxf3 Ba3 25. Rc2 cxb3 26. axb3 Red7 27. Kg2 Rd3 28. Rb1 Bb4 29. f4 Rc3 30. Ra2 a5 31. e4 Rdd3 32. e5 Rf3 33. e6 Rxf4 34. Rd2 Be7 35. Rd7 Kf8 36. Rb7 Rc8 37. Rxb5 Ra8 38. Rc1 Rb4 39. Rf5+ Bf6 40. Rcc5 Rxb3 41. Rxa5 Rxa5 42. Rxa5 Rb6 43. h3 Rxe6 44. Ra8+ Kf7 45. Ra7+ Kg6 46. Ra2 Kg5 47. Ra5+ Re5 48. Ra2 Rb5 49. Re2 Rb2 50. Re8 Bd4 51. Rf8 Rxf2+ 52. Rxf2 Bxf2 53. Kxf2 Kf4 54. Kg2 h5 55. Kf2 h4 56. Kg2 Ke3 57. Kg1 Kf3 58. Kh2 Kf2 59. Kh1 Kg3 60. Kg1 Kxh3 61. Kh1 g5 62. Kg1 g4 63. Kh1 g3 64. Kg1 g2 0-1

[Event "POL-chT 2nd League Juniors 2020"]
[Site "Sypniewo"]
[Date "2020.10.24"]
[Round "2.1"]
[White "Lewandowski, Wiktor"]
[Black "Majdanski, Maksymilian"]
[Result "1-0"]
[ECO "B34"]
[WhiteElo "1756"]
[BlackElo "1817"]
[Annotator "NA RC"]
[PlyCount "83"]
[EventDate "2020.10.23"]
[EventType "team-tourn"]
[EventCountry "POL"]
[SourceTitle "playchess.com"]
[Source "ChessBase"]
[SourceQuality "1"]
[TimeControl "5400+30"]

1. e4 c5 2. Nf3 Nc6 3. d4 cxd4 4. Nxd4 Nf6 5. Nc3 e5 6. Ndb5 d6 7. a4 Bg4 {B33: Sicilian: Pelikan and Sveshnikov Variations.} 8. Be2 Bxe2 9. Qxe2 Be7 (9... a6 $11 10. Na3 d5) 10. Bg5 a6 11. Bxf6 $1 Bxf6 12. Na3 Nd4 13. Qd3 O-O 14. O-O Rc8 15. Nd5 {[#]} Be7 $146 ({Predecessor:} 15... Bg5 16. c3 Nb3 17. Rad1 g6 18. Nc4 Nc5 19. Qc2 f5 20. exf5 gxf5 21. Nde3 Bxe3 22. fxe3 {½-½ (73) Guth,T (2250)-Walkewitz,H Germany 1999}) 16. c3 Nb3 17. Rad1 Nc5 18. Qc2 g6 19. b3 Qe8 20. a5 f5 21. exf5 gxf5 22. Nc4 Rd8 23. Nce3 f4 24. Nf5 Bg5 25. b4 Ne6 26. h4 Bf6 27. Nxd6 Rxd6 28. Nxf6+ Rxf6 29. Rxd6 f3 30. g3 Qh5 31. Rfd1 Qg4 32. Rd7 $2 (32. Qd3) 32... Rg6 $2 (32... Nf8 33. Qd3 (33. Rxb7 {is a self mate.} Qh3 34. Qa2+ Kh8 35. Rxh7+ Nxh7 36. Qg8+ {[%mdl 64] Decoy} Kxg8 37. Rd8+ Nf8 38. Rxf8+ Rxf8 39. c4 Qg2#) 33... Nxd7) 33. Kf1 Qh3+ $18 (33... e4 $142 34. Ke1 (34. Rxb7 Qh3+ 35. Ke1 e3 $14) 34... e3 35. fxe3 Qxg3+ 36. Kd2 (36. Qf2 $2 Qh3 $19) 36... Nf8) 34. Ke1 Nf4 35. Rd8+ Kg7 36. gxf4 Qxh4 37. R8d7+ Kh6 38. R1d6 Qh1+ 39. Kd2 Qf1 40. Rxg6+ hxg6 41. Ke3 exf4+ 42. Kd4 1-0

[Event "POL-chT 2nd League Juniors 2020"]
[Site "Sypniewo"]
[Date "2020.10.24"]
[Round "2.1"]
[White "Wilgosz, Jan"]
[Black "Ursnik, Patryk"]
[Result "0-1"]
[ECO "B23"]
[WhiteElo "1557"]
[BlackElo "1645"]
[Annotator "NA RC"]
[PlyCount "120"]
[EventDate "2020.10.23"]
[EventType "team-tourn"]
[EventCountry "POL"]
[SourceTitle "playchess.com"]
[Source "ChessBase"]
[SourceQuality "1"]
[TimeControl "5400+30"]

1. e4 c5 2. Nc3 Nc6 3. f4 g6 4. Nf3 Bg7 5. Bb5 Nd4 6. O-O a6 7. Be2 b5 8. e5 d6 9. d3 Nh6 10. Nxd4 cxd4 11. Ne4 dxe5 12. fxe5 O-O 13. Bf3 Ra7 14. Qe2 Qb6 15. Ng3 Nf5 16. Nxf5 Bxf5 17. c3 Rc7 18. Be4 Bxe4 19. Qxe4 dxc3+ 20. Be3 Qc6 21. Qxc6 Rxc6 22. Bd4 c2 23. Be3 Bxe5 24. d4 Bg7 25. Rac1 e6 26. Rf2 Rfc8 27. Rd2 a5 28. Kf2 a4 29. Ke2 b4 30. Rd3 Kf8 31. b3 axb3 32. Rxb3 Rc3 33. Bd2 Rxb3 34. axb3 Bxd4 35. Bxb4+ Ke8 36. Kd3 Be5 37. h3 Rb8 38. Kc4 Rc8+ 39. Kd3 Kd7 40. Rxc2 Rxc2 41. Kxc2 Kc6 42. Kd3 Kd5 43. Bf8 Bb8 44. Be7 f5 45. Bf8 e5 46. Bh6 Kc5 47. Bd2 e4+ 48. Ke2 Kd4 49. Ba5 h5 50. Bd2 f4 51. Ba5 g5 52. Bd8 g4 53. Bf6+ Be5 54. Be7 f3+ 55. Kf1 Bg3 56. hxg4 hxg4 57. gxf3 gxf3 58. Bd8 e3 59. Bb6+ Kd3 60. b4 e2+ 0-1

[Event "POL-chT 2nd League Juniors 2020"]
[Site "Sypniewo"]
[Date "2020.10.24"]
[Round "2.2"]
[White "Bialik, Nikodem"]
[Black "Tyszecki, Aliaksandr"]
[Result "1-0"]
[ECO "A06"]
[WhiteElo "1547"]
[BlackElo "1456"]
[Annotator "NA RC"]
[PlyCount "129"]
[EventDate "2020.10.23"]
[EventType "team-tourn"]
[EventCountry "POL"]
[SourceTitle "playchess.com"]
[Source "ChessBase"]
[SourceQuality "1"]
[TimeControl "5400+30"]

1. Nf3 d5 2. g3 Nf6 3. Bg2 Bf5 4. b3 e6 5. Bb2 Be7 6. O-O O-O 7. d3 h6 8. Nbd2 Nbd7 9. Re1 c6 10. e4 dxe4 11. dxe4 Bh7 12. Qe2 Nc5 13. Ne5 Qc7 14. Rad1 Rad8 15. f3 Nfd7 16. Ndc4 Nb6 17. Nxb6 axb6 18. Nc4 f6 19. a4 Kf7 20. Ne3 Rxd1 21. Rxd1 Rd8 22. Bf1 Bg6 23. Rd2 Bh5 24. g4 Bg6 25. Qd1 Rxd2 26. Qxd2 Bd6 27. Nc4 Bf4 28. Qf2 Nd7 29. Bd3 Ke7 30. Bd4 b5 31. axb5 cxb5 32. Nb6 Nxb6 33. Bc5+ Bd6 34. Bxb6 Qc6 35. Be3 Be8 36. Qe2 Bc5 37. Kg2 Bxe3 38. Qxe3 b6 39. Qd4 Qc5 40. Qa1 Kd6 41. Qa8 Ke7 42. Qb7+ Bd7 43. Qa7 b4 44. Qb8 Qd6 45. Qg8 Qf4 46. Qxg7+ Ke8 47. Qg6+ Ke7 48. Qh7+ Ke8 49. Qg7 e5 50. Qg8+ Ke7 51. Bc4 Qd2+ 52. Kh3 Qf4 53. Qf7+ Kd8 54. Be2 Bxg4+ 55. fxg4 Qe3+ 56. Kh4 Qg5+ 57. Kg3 Qe3+ 58. Bf3 Qf4+ 59. Kg2 Qd2+ 60. Kh3 Qf4 61. Qd5+ Ke7 62. Qb7+ Kf8 63. Qc8+ Kg7 64. Qd7+ Kf8 65. Qf5 1-0

[Event "POL-chT 2nd League Juniors 2020"]
[Site "Sypniewo"]
[Date "2020.10.24"]
[Round "2.3"]
[White "Komendecki, Antoni"]
[Black "Lochinski, Pawel"]
[Result "1-0"]
[ECO "A15"]
[WhiteElo "1801"]
[BlackElo "1426"]
[Annotator "NA RC"]
[PlyCount "59"]
[EventDate "2020.10.23"]
[EventType "team-tourn"]
[EventCountry "POL"]
[SourceTitle "playchess.com"]
[Source "ChessBase"]
[SourceQuality "1"]
[TimeControl "5400+30"]

1. c4 Nf6 2. g3 g6 3. Bg2 Bg7 4. Nc3 O-O 5. e4 d6 6. Nge2 c5 7. O-O Nc6 8. d3 a6 9. h3 Bd7 10. Be3 Rb8 11. a4 Na5 {[%emt 0:05:13] A36: Symmetrical English vs ...g6: 4 Bg2 Bg7.} 12. Re1 {[%emt 0:02:15] [#]} b5 $146 ({Predecessor:} 12... Qc8 13. Kh2 h5 14. b3 Nc6 15. d4 cxd4 16. Nxd4 Nxd4 17. Bxd4 b5 18. axb5 axb5 19. e5 dxe5 20. Bxe5 {½-½ (33) Gresshoff,W (1972)-Ottens,S (2119) Germany 2014}) 13. axb5 axb5 14. cxb5 Bxb5 15. Nxb5 Rxb5 16. Qa4 Qb6 17. Nc3 Rxb2 18. Qxa5 Qxa5 19. Rxa5 Rb3 20. Rc1 Nd7 21. Nd5 e6 22. Nf4 g5 23. Ne2 Rxd3 24. Bxg5 Rb8 25. Ra2 Ne5 26. Bf4 Kf8 27. Be3 Rdb3 28. Ra6 R8b6 $18 (28... Ke7 $142 29. Bf1 R3b6) 29. Rxb6 Rxb6 30. Rxc5 1-0

[Event "POL-chT 2nd League Juniors 2020"]
[Site "Sypniewo"]
[Date "2020.10.24"]
[Round "2.3"]
[White "Marek, Grzegorz"]
[Black "Cieply, Krzysztof"]
[Result "0-1"]
[ECO "B57"]
[WhiteElo "1313"]
[BlackElo "1573"]
[Annotator "NA RC"]
[PlyCount "164"]
[EventDate "2020.10.23"]
[EventType "team-tourn"]
[EventCountry "POL"]
[SourceTitle "playchess.com"]
[Source "ChessBase"]
[SourceQuality "1"]
[TimeControl "5400+30"]

1. e4 c5 2. Nf3 Nc6 3. d4 cxd4 4. Nxd4 Nf6 5. Nc3 d6 6. Bc4 e5 7. Nxc6 bxc6 8. Bg5 Be7 9. O-O O-O 10. Bb3 Be6 11. f4 exf4 12. Bxf4 d5 13. exd5 cxd5 14. h3 d4 15. Ne2 Bc5 16. Kh1 Ne4 17. Ng3 Nxg3+ 18. Bxg3 Bxb3 19. axb3 Qg5 20. Qd3 Bb6 21. Rf5 Qg6 22. Raf1 f6 23. R5f3 Qxd3 24. Rxd3 Rfe8 25. Rfd1 Re2 26. R1d2 Rae8 27. b4 R8e3 28. Bf2 Rxd3 29. Rxe2 Rd1+ 30. Kh2 Kf7 31. Kg3 d3 32. cxd3 Rxd3+ 33. Kf4 Bxf2 34. Rxf2 Rd4+ 35. Ke3 Rxb4 36. Rc2 Rb7 37. Ke4 Ke7 38. Ke3 Rd7 39. Kf3 g6 40. Ke2 Ke6 41. Rc6+ Kf5 42. Rc5+ Kf4 43. Rc3 f5 44. g3+ Kg5 45. Rc4 h6 46. Ra4 Rb7 47. h4+ Kh5 48. b4 Rd7 49. b5 g5 50. hxg5 hxg5 51. Ke3 Rd5 52. Rxa7 Rxb5 53. Ra4 Rb3+ 54. Kf2 Rd3 55. Kg2 Re3 56. Kf2 Re4 57. Ra5 Kg4 58. Ra3 Rb4 59. Kg2 Rb2+ 60. Kg1 Kh3 61. Kf1 g4 62. Ra5 Kxg3 63. Rxf5 Rb3 64. Rc5 Rb1+ 65. Ke2 Kg2 66. Rf5 g3 67. Rh5 Kg1 68. Rg5 g2 69. Rh5 Rb8 70. Re5 Rh8 71. Rg5 Kh2 72. Kf2 g1=Q+ 73. Rxg1 Rf8+ 74. Ke2 Kxg1 75. Ke3 Kg2 76. Ke4 Kg3 77. Ke5 Kg4 78. Ke6 Kg5 79. Ke7 Rf6 80. Kd7 Kf5 81. Ke7 Ke5 82. Kd7 Re6 0-1

[Event "POL-chT 2nd League Juniors 2020"]
[Site "Sypniewo"]
[Date "2020.10.24"]
[Round "2.4"]
[White "Wojs, Alicja"]
[Black "Wilgosz, Szczepan"]
[Result "1-0"]
[ECO "B34"]
[WhiteElo "1392"]
[BlackElo "1371"]
[Annotator "NA RC"]
[PlyCount "139"]
[EventDate "2020.10.23"]
[EventType "team-tourn"]
[EventCountry "POL"]
[SourceTitle "playchess.com"]
[Source "ChessBase"]
[SourceQuality "1"]
[TimeControl "5400+30"]

1. e4 c5 2. Nf3 Nc6 3. d4 cxd4 4. Nxd4 Nf6 5. Nc3 e5 6. Ndb5 d6 7. Be3 a6 8. Na3 b5 9. Nd5 Nxd5 10. Qxd5 Bb7 11. c3 Qc7 12. Qd2 Be7 13. Be2 O-O 14. O-O Rad8 15. Bf3 d5 16. exd5 Bxa3 17. bxa3 Ne7 18. Qb2 Bxd5 19. Be2 Qc6 20. f3 Bc4 21. Bxc4 Qxc4 22. Qb4 Nd5 23. Qxc4 bxc4 24. Bc5 Rfe8 25. Rfe1 Nf4 26. Bb4 f5 27. Rad1 Rxd1 28. Rxd1 Nd3 29. Bd6 e4 30. fxe4 fxe4 31. Kf1 Re6 32. Bg3 Rb6 33. Rd2 e3 34. Re2 Re6 35. Rc2 h5 36. Ke2 h4 37. Bxh4 Nf4+ 38. Kf3 e2 39. Kxf4 e1=Q 40. Bxe1 Rxe1 41. h4 Rf1+ 42. Ke4 Rh1 43. g3 Rg1 44. Kd4 Rxg3 45. Rh2 Rg4+ 46. Kc5 Kf7 47. h5 Kg8 48. Rh3 Rg2 49. Kxc4 Rxa2 50. Kb4 Rb2+ 51. Ka5 Ra2 52. c4 Rc2 53. Rh4 Rc3 54. a4 Ra3 55. c5 Rc3 56. Kb6 Kf7 57. c6 a5 58. c7 Kf6 59. Rd4 Kg5 60. Rd8 Kxh5 61. c8=Q Rxc8 62. Rxc8 g5 63. Kxa5 g4 64. Kb6 g3 65. a5 Kh4 66. a6 g2 67. Rg8 Kh3 68. a7 Kh2 69. Rxg2+ Kxg2 70. a8=Q+ 1-0

[Event "POL-chT 2nd League Juniors 2020"]
[Site "Sypniewo"]
[Date "2020.10.24"]
[Round "2.4"]
[White "Lewek, Jakub"]
[Black "Karaszewski, Gabriel"]
[Result "0-1"]
[ECO "B25"]
[WhiteElo "1260"]
[BlackElo "1614"]
[Annotator "NA RC"]
[PlyCount "58"]
[EventDate "2020.10.23"]
[EventType "team-tourn"]
[EventCountry "POL"]
[SourceTitle "playchess.com"]
[Source "ChessBase"]
[SourceQuality "1"]
[TimeControl "5400+30"]

1. e4 c5 2. Nc3 Nc6 3. g3 g6 4. Bg2 Bg7 5. d3 d6 6. f4 e6 7. Nf3 Nge7 8. Be3 O-O 9. O-O b6 10. d4 d5 11. exd5 Nf5 12. Bf2 Ncxd4 13. Nxd4 Nxd4 14. dxe6 Bxe6 15. Bxa8 Qxa8 16. Be3 Rd8 17. Bd2 h5 18. f5 Bxf5 19. Be3 Bg4 20. Qe1 Nxc2 21. Qf2 Nxe3 22. Qxe3 Bd4 23. Qxd4 Rxd4 24. Rae1 Rd2 25. Rf2 Rxf2 26. Kxf2 Qf3+ 27. Kg1 Bh3 28. Re8+ Kg7 29. Re2 Qf1# 0-1

[Event "POL-chT 2nd League Juniors 2020"]
[Site "Sypniewo"]
[Date "2020.10.24"]
[Round "2.5"]
[White "Lascar, Maria Elena"]
[Black "Zalucka, Emilia"]
[Result "1/2-1/2"]
[ECO "C54"]
[WhiteElo "1552"]
[BlackElo "1524"]
[Annotator "NA RC"]
[PlyCount "139"]
[EventDate "2020.10.23"]
[EventType "team-tourn"]
[EventCountry "POL"]
[SourceTitle "playchess.com"]
[Source "ChessBase"]
[SourceQuality "1"]
[TimeControl "5400+30"]

1. e4 e5 2. Nf3 Nc6 3. Bc4 Bc5 4. c3 Nf6 5. d4 exd4 6. e5 d5 7. Bb5 Ne4 8. cxd4 Bb6 9. h3 Bd7 10. Ba4 Ba5+ 11. Bd2 Nxd2 12. Nbxd2 Bxd2+ 13. Qxd2 Nxe5 14. Nxe5 Bxa4 15. Qb4 Bc6 16. Rc1 a5 17. Qc5 Qe7 18. Qxe7+ Kxe7 19. Nxc6+ bxc6 20. Rxc6 Kd7 21. Rc5 c6 22. Kd2 Rhb8 23. Rb1 Rb4 24. Kd3 Re8 25. f3 Rb5 26. Rxb5 cxb5 27. Rc1 Rc8 28. Rc5 Rxc5 29. dxc5 b4 30. b3 g5 31. g3 f5 32. Ke3 Kc7 33. h4 f4+ 34. gxf4 gxh4 35. f5 h3 36. Kf2 d4 37. f6 h2 38. Kg2 d3 39. f7 d2 40. f8=Q h1=Q+ 41. Kxh1 d1=Q+ 42. Kg2 Qd2+ 43. Kh3 Qd7+ 44. Kg3 Kc6 45. Qa8+ Kb5 46. Qb8+ Kxc5 47. Qe5+ Kb6 48. Qe3+ Kb7 49. Qe4+ Kb8 50. Kh4 Qd8+ 51. Kh5 Qd2 52. Qe5+ Kb7 53. Qb5+ Kc8 54. Qxa5 Qf4 55. Qa8+ Kd7 56. Qb7+ Ke6 57. Qc6+ Kf7 58. Qd5+ Kf6 59. Qd8+ Kf5 60. Qd7+ Kf6 61. Qd8+ Kg7 62. Qd7+ Qf7+ 63. Qxf7+ Kxf7 64. f4 Kf6 65. Kh6 Kf5 66. Kxh7 Kxf4 67. Kg6 Ke4 68. Kf6 Kd3 69. Ke5 Kc2 70. Kd4 1/2-1/2